 Dungeon Crawl Stone Soup version 0.28-a0-8-g6e044cfa68 (webtiles) character file.

Game seed: 16450995473348441249

329 graki42 the Magician (level 6, -10/32 HPs)
             Began as a Deep Elf Fire Elementalist on July 23, 2021.
             Killed by miscasting Sticky Flame (12 damage)
             ... on level 3 of the Dungeon.
             The game lasted 00:10:46 (3927 turns).

graki42 the Magician (Deep Elf Fire Elementalist)   Turns: 3927, Time: 00:10:48

Health: -10/32     AC:  2    Str:  7    XL:     6   Next: 25%
Magic:  0/15       EV: 13    Int: 20    God:
Gold:   139        SH:  0    Dex: 15    Spells: 4/15 levels left

rFire   . . .      SeeInvis .   d - +2 short sword (speed)
rCold   . . .      Faith    .   (no shield)
rNeg    . . .      Spirit   .   a - +0 robe
rPois   +          Reflect  .   (no helmet)
rElec   .          Harm     .   p - scarf {shadows}
rCorr   .          Rampage  .   (no gloves)
Will    .....                   (no boots)
Stlth   ++........              (no amulet)
HPRegen 0.10/turn               g - ring of poison resistance
MPRegen 0.14/turn               (no ring)

@: very slightly contaminated
A: no striking features
a: no special abilities


You were on level 3 of the Dungeon.
You visited 1 branch of the dungeon, and saw 4 of its levels.

You collected 139 gold pieces.

Inventory:

Hand Weapons
 d - a +2 short sword of speed (weapon)
Armour
 a - a +0 robe (worn)
 p - a scarf of shadows (worn)
Jewellery
 g - a ring of poison resistance (left hand)
 m - an amulet of guardian spirit
Wands
 o - a wand of digging (4)
 r - a wand of charming (6)
Scrolls
 f - 2 scrolls of teleportation
 l - a scroll of brand weapon
 q - a scroll of immolation {unknown}
 s - a scroll of acquirement {unknown}
 t - a scroll of noise {unknown}
Potions
 b - 2 potions of curing {unknown}
 c - a potion of flight
 e - a potion of heal wounds {unknown}
 h - 2 potions of magic {unknown}
 i - a potion of might
 j - a potion of lignification {unknown}
 k - 2 potions of invisibility {unknown}
 n - a potion of degeneration {unknown}


   Skills:
 - Level 3.0 Dodging
 - Level 3.0 Stealth
 + Level 5.2 Spellcasting
 + Level 3.3 Conjurations
 + Level 2.9 Hexes
 + Level 4.8 Fire Magic


You had 4 spell levels left.
You knew the following spells:

 Your Spells              Type           Power      Damage    Failure   Level
a - Foxfire               Conj/Fire      84%        2x1d8     1%          1
b - Conjure Flame         Conj/Fire      21%        6-21      6%          3
c - Inner Flame           Hex/Fire       20%        N/A       7%          3
d - Sticky Flame          Conj/Fire      21%        2d4       21%         4

Your spell library contained the following spells:

 Spells                   Type           Power      Damage    Failure   Level
 Magic Dart               Conj           72%        1d6       2%          1
 Searing Ray              Conj           36%        3d4       4%          2
 Blink                    Tloc           N/A        N/A       17%         2
 Poisonous Vapours        Pois/Air       10%        N/A       17%         2
 Mephitic Cloud           Conj/Pois/Air  9%         N/A       22%         3
 Fulminant Prism          Conj/Hex       8%         3d7       30%         4
 Fireball                 Conj/Fire      10%        3d6       50%         5
 Freezing Cloud           Conj/Ice/Air   4%         6-21      89%         5
 Manifold Assault         Tloc           5%         N/A       97%         5
 Storm Form               Tmut/Air       2%         N/A       100%        7


Dungeon Overview and Level Annotations

Branches:
Dungeon (4/15)
 Temple: D:4-7

Altars:


Message History

An orc comes into view. It is wielding a +0 mace.
Your magical contamination has completely faded away.
Casting: Inner Flame (quite dangerous; 7% risk of failure)
Confirm with . or Enter, or press ? or * to list all spells.
The spell is extremely dangerous to cast (22% risk of failure)!
Continue anyway?
Aiming: Sticky Flame (extremely dangerous; 22% risk of failure)
Press: ? - help, Shift-Dir - straight line, f/p - worm
Aim: a worm (inner flame, 100% to hit)
The sticky flame hits the worm.
Flame seeps out of the worm.
The worm is moderately wounded.
The worm is covered in liquid flames!
The orc shouts!
The worm burns!
Flame seeps out of the worm.
The worm is engulfed in blazing flames.
The worm explodes!
The fiery explosion engulfs the orc!!
You kill the orc!
The fiery explosion engulfs you!!
Ouch! That really hurt!
* * * LOW HITPOINT WARNING * * *
Unknown command.
There is a stone staircase leading up here.
The orc hits you with a +0 flail.
* * * LOW HITPOINT WARNING * * *
You climb upwards.
There is a stone staircase leading down here.
Casting: Sticky Flame (extremely dangerous; 21% risk of failure)
Confirm with . or Enter, or press ? or * to list all spells.
The spell is extremely dangerous to cast (21% risk of failure)!
Continue anyway?
Okay, then.
Casting: Sticky Flame (extremely dangerous; 21% risk of failure)
Confirm with . or Enter, or press ? or * to list all spells.
The spell is extremely dangerous to cast (21% risk of failure)!
Continue anyway?
Aiming: Sticky Flame (extremely dangerous; 21% risk of failure)
Press: ? - help, Shift-Dir - straight line, f - orc
Aim: an orc, wielding a +0 flail and wearing a +1 chain mail of cold resistance (100% to hit)
You miscast Sticky Flame.
You are very lightly contaminated with residual magic.
Sparks fly from your hands!
You die...

############ #######
#..........# #......
#..........# #......
#).........#######......
#..).......'............
#......@.<.#######......
#......o...# #......
#..........# #......
#..........#######......
#...............##......
#######.#######.#######.
#...##>................
#...##.#######.#######.
#...##.# #.# #...#.


You could see an orc.

Vanquished Creatures
  2 scorpions (D:4)
  2 iguanas (D:4)
  A hound skeleton (D:4)
  Robin (D:2)
  4 adders
  A white imp (D:4)
  2 worms (D:4)
  A dart slug (D:1)
  5 orcs (D:4)
  8 ball pythons
  5 bats
  6 endoplasms
  3 giant cockroaches (D:3)
  14 goblins
  6 hobgoblins
  4 jackals
  4 frilled lizards
  12 kobolds
  5 rats
86 creatures vanquished.

Vanquished Creatures (others)
  244 foxfires
244 creatures vanquished.

Grand Total: 330 creatures vanquished

Notes
Turn   | Place    | Note
-------+----------+-------------------------------------------
     0 | D:1      | graki42 the Deep Elf Fire Elementalist began the quest for
                  | the Orb.
     0 | D:1      | Reached XP level 1. HP: 10/10 MP: 6/6
   434 | D:1      | Reached XP level 2. HP: 15/15 MP: 6/8
  1314 | D:2      | Reached XP level 3. HP: 19/19 MP: 3/10
  1413 | D:2      | Noticed Robin
  1418 | D:2      | Killed Robin
  1594 | D:2      | Reached skill level 4 in Spellcasting
  1662 | D:2      | Learned a level 3 spell: Conjure Flame
  1666 | D:2      | Learned a level 3 spell: Inner Flame
  1683 | D:2      | Reached XP level 4. HP: 24/24 MP: 10/12
  1922 | D:2      | Found a faded altar of an unknown god.
  2486 | D:3      | Reached skill level 1 in Hexes
  3333 | D:4      | Reached XP level 5. HP: 28/28 MP: 10/13
  3368 | D:4      | Learned a level 4 spell: Sticky Flame
  3786 | D:4      | Reached skill level 5 in Spellcasting
  3786 | D:4      | Reached XP level 6. HP: 24/32 MP: 10/15
  3919 | D:4      | HP: 1/32 [orc (5)]
  3927 | D:3      | Killed by miscasting Sticky Flame

Illustrated notes

Levels and vault maps discovered:
D:1:      lightli_arrival_quake, layout_basic
D:2:      layout_rooms, shapermc_ecumenical_altar_totnotflames, uniq_robin
D:3:      layout_basic, kennysheep_potato
D:4:      layout_loops_cross

Skill      XL: |  1  2  3  4  5 |
---------------+----------------+-----
Dodging        | 3 |  3.0
Stealth        | 3 |  3.0
Conjurations   | 2 3 |  3.3
Fire Magic     | 4 |  4.8
Spellcasting   | 4 5 |  5.2
Hexes          | 1 2 |  2.9

Action                   |  1- 3 |  4- 6 || total
-------------------------+-------+-------++-------
Melee: Short sword       |       |    14 ||    14
 Cast: Foxfire           |    63 |    87 ||   150
       Sticky Flame      |       |     2 ||     2
       Inner Flame       |       |     3 ||     3
  Use: Scroll            |       |     4 ||     4
Armor: Robe              |     2 |     3 ||     5
Dodge: Dodged            |     4 |    21 ||    25

Table legend: (Time is in decaauts)
 A = Elapsed time spent in this place.
 B = Non-inter-level travel time spent in this place.
 C = Inter-level travel time spent in this place.
 D = Time resting spent in this place.
 E = Time spent auto-exploring this place.
 F = Levels seen in this place.
 G = Mean time per level.
                   A        B        C        D        E       F      G
               +--------+--------+--------+--------+--------+-----+--------+
         Total |   3922 |   3838 |     84 |      0 |   3359 |   4 |  980.5 |
       Dungeon |   3922 |   3838 |     84 |      0 |   3359 |   4 |  980.5 |
               +--------+--------+--------+--------+--------+-----+--------+

Top non-repeatable levels by time:
     D:1: 1204 daAuts
     D:3: 956 daAuts
     D:4: 887 daAuts
     D:2: 874 daAuts
